[Event "Titled Tuesday Blitz April 05 Early 2022"]
[White "Li, Xueyi"]
[Black "Mogirzan, Matei-Valeriu"]
[WhiteFideId "8605912"]
[BlackFideId "1257455"]
[WhiteElo "2091"]
[BlackElo "1733"]
[Result "1-0"]
[Round "06"]
[TimeControl "180+1"]
[Date "2022.04.05"]
[WhiteClock "0:00:11"]
[BlackClock "0:00:06"]

1. d4 f6 2. e4 Kf7 3. Nf3 e6 4. c4 c5 5. Nc3 d6 6. dxc5 Nc6 7. cxd6 Bxd6 8. Be2 a6 9. O-O g5 10. e5 Nxe5 11. Nxe5+ fxe5 12. Ne4 Be7 13. Qxd8 Bxd8 14. Bxg5 Nf6 15. Rad1 Be7 16. Nxf6 Bxf6 17. Bxf6 Kxf6 18. f4 e4 19. Bg4 b5 20. cxb5 axb5 21. a3 Rg8 22. Bh3 b4 23. axb4 Ra2 24. Rf2 Ba6 25. g3 e3 26. Rc2 e2 27. Re1 Bb5 28. Rc5 Bd3 29. Re5 Rxb2 30. Rxe6+ Kf7 31. Kf2 Rxb4 32. Re3 Bc4 33. Re4 Re8 34. Rxe8 Kxe8 35. Bg4 Kf7 36. Bxe2 Rb2 37. Ke3 Be6 38. Bh5+ Kf6 39. Re2 Rb3+ 40. Kd4 Rb4+ 41. Kc5 Rc4+ 42. Kd6 Rd4+ 43. Kc7 Rc4+ 44. Kb6 Rb4+ 45. Kc5 Rc4+ 46. Kb5 Rd4 47. Kb6 Rb4+ 48. Ka5 Rd4 49. Re5 Rd2 50. Be2 Ra2+ 51. Kb4 Rb2+ 52. Kc3 Rb3+ 53. Kc2 Ra3 54. Kd2 Ra2+ 55. Ke1 Ra1+ 56. Kf2 Ra2 57. g4 Ra3 58. Re3 Ra2 59. h4 Kf7 60. f5 Bc4 61. g5 h6 62. Kf3 Bxe2+ 63. Rxe2 Ra4 64. Re4 Ra3+ 65. Kf4 h5 66. Rb4 Rh3 67. Rb7+ Ke8 68. Ke5 Rxh4 69. g6 Rh1 70. Kf6 h4 71. g7 Rg1 72. Rb8+ Kd7 73. g8=Q Rxg8 74. Rxg8 h3 75. Rh8 h2 76. Kg7 h1=N 77. Rxh1 Ke7 78. f6+ Ke6 79. f7 Kf5 80. Rf1+ Kg5 81. f8=Q Kh5 82. Rh1+ Kg4 83. Rg1+ Kh3 84. Qh8# 1-0


[Site "https://www.chess.com"]

[Event "Titled Tuesday Blitz April 05 Early 2022"]
[White "Maevsky, Nikolay"]
[Black "Cagara, Paulina"]
[WhiteFideId "4198220"]
[BlackFideId "1124870"]
[WhiteElo "2126"]
[BlackElo "1780"]
[Result "1-0"]
[Round "06"]
[TimeControl "180+1"]
[Date "2022.04.05"]
[WhiteClock "0:00:31"]
[BlackClock "0:00:04"]

1. d4 f5 2. Bg5 h6 3. Bh4 g5 4. Bg3 Nf6 5. e3 d6 6. h4 g4 7. h5 Be6 8. Nd2 Nc6 9. c4 Bf7 10. Qc2 Qd7 11. d5 Nb4 12. Qb3 Na6 13. Qxb7 Qc8 14. Qb5+ Nd7 15. Qa4 Rb8 16. Qc2 Ne5 17. a3 Bg7 18. Rb1 Qb7 19. Ne2 e6 20. Nf4 Nc5 21. b4 Ne4 22. Nxe4 fxe4 23. Qxe4 exd5 24. Nxd5 Bxd5 25. cxd5 O-O 26. Bxe5 dxe5 27. Qxg4 Rbe8 28. Bc4 Kh8 29. Qe4 a5 30. Bd3 Kg8 31. Qh7+ Kf7 32. Bg6+ Kf6 33. Bxe8 Rxe8 34. Qg6+ Ke7 35. Qxg7+ Kd8 36. Rh4 Qb5 37. Qg4 Qd3 38. Qe4 Qc3+ 39. Kf1 Rf8 40. Rh3 Qd2 41. Rf3 Re8 42. bxa5 Kc8 43. a6 1-0


[Site "https://www.chess.com"]

[Event "Titled Tuesday Blitz April 05 Early 2022"]
[White "Manon-og, Ramon Jr."]
[Black "Alboredo, Julia"]
[WhiteFideId "5200776"]
[BlackFideId "2124807"]
[WhiteElo "2253"]
[BlackElo "2041"]
[Result "0-1"]
[Round "06"]
[TimeControl "180+1"]
[Date "2022.04.05"]
[WhiteClock "0:00:04"]
[BlackClock "0:00:13"]

1. e4 c5 2. Nf3 d6 3. Bb5+ Nc6 4. O-O Bd7 5. c3 a6 6. Ba4 b5 7. Bc2 Bg4 8. h3 Bxf3 9. Qxf3 Nf6 10. Qg3 g6 11. f4 Qc7 12. d3 Bg7 13. Nd2 O-O 14. Nf3 b4 15. Bd2 bxc3 16. Bxc3 Nh5 17. Qh4 Nd4 18. Bd1 d5 19. Ng5 h6 20. Nf3 Nxf4 21. Bxd4 cxd4 22. e5 Nxd3 23. Qxd4 Nxe5 24. Qxd5 Nxf3+ 25. Bxf3 Bxb2 26. Rab1 Bg7 27. Rb7 Qd6 28. Qe4 Qd4+ 29. Kh1 Qxe4 30. Bxe4 e6 31. Rfb1 Be5 32. a4 Rab8 33. Rxb8 Bxb8 34. Bb7 a5 35. Rb5 Bg3 36. Rxa5 Rd8 37. Bf3 Rd2 38. Ra8+ Kg7 39. Rb8 Ra2 40. Rb1 Rxa4 41. Rf1 h5 42. Bd1 Ra2 43. Rf3 Ra1 44. Rd3 e5 45. Kg1 e4 46. Rxg3 Rxd1+ 47. Kf2 Rd6 48. Re3 f5 49. g4 Kf6 50. gxh5 gxh5 51. Kg3 Ke5 52. Re1 Rg6+ 53. Kh4 f4 54. Kxh5 Rg2 55. Ra1 f3 56. Ra8 Kf4 57. Rf8+ Ke3 58. h4 f2 59. Kh6 Rg1 60. h5 f1=Q 61. Rxf1 Rxf1 62. Kh7 Kd2 63. h6 e3 64. Kg8 e2 65. h7 Rg1+ 66. Kf7 Rh1 67. Kg6 Rxh7 0-1


[Site "https://www.chess.com"]

[Event "Titled Tuesday Blitz April 05 Early 2022"]
[White "Manukian, Artak"]
[Black "Dovbnia, Nikita"]
[WhiteFideId "13301373"]
[BlackFideId "54104599"]
[WhiteElo "2362"]
[BlackElo "2111"]
[Result "1-0"]
[Round "06"]
[TimeControl "180+1"]
[Date "2022.04.05"]
[WhiteClock "0:00:06"]
[BlackClock "0:00:24"]

1. e4 c6 2. d4 d5 3. e5 Bf5 4. c4 dxc4 5. Bxc4 e6 6. Nc3 Ne7 7. Nf3 Nd5 8. O-O Be7 9. Qe2 Nd7 10. Ne4 N7b6 11. Bb3 O-O 12. Rd1 Bxe4 13. Qxe4 Qc7 14. Bc2 g6 15. Bg5 Bxg5 16. Nxg5 h6 17. Nf3 Kg7 18. h4 Rh8 19. h5 g5 20. Nh2 Rae8 21. Ng4 Nd7 22. a3 a5 23. Rac1 Ne7 24. Rd3 Nf5 25. Rf3 Qc8 26. Rd1 Nb6 27. Nf6 Rd8 28. g4 Nh4 29. Rfd3 Nd5 30. Nxd5 exd5 31. Qe2 Rhe8 32. f4 f5 33. fxg5 hxg5 34. Rf1 f4 35. Kh2 f3 36. Rdxf3 Nxf3+ 37. Qxf3 Rf8 38. Bf5 Qc7 39. Qe3 Kh6 40. Kh3 c5 41. e6 Rde8 42. dxc5 Qe7 43. Qe5 Rd8 44. Rf3 Rfe8 45. Rd3 Qxc5 46. Qf6# 1-0


[Site "https://www.chess.com"]

[Event "Titled Tuesday Blitz April 05 Early 2022"]
[White "Martin Duque, Jesus"]
[Black "Voege, Tobias"]
[WhiteFideId "2208954"]
[BlackFideId "1270513"]
[WhiteElo "2243"]
[BlackElo "2297"]
[Result "1/2-1/2"]
[Round "06"]
[TimeControl "180+1"]
[Date "2022.04.05"]
[WhiteClock "0:00:01"]
[BlackClock "0:00:04"]

1. Nf3 Nf6 2. b3 b6 3. g3 Bb7 4. Bg2 e6 5. Bb2 Be7 6. O-O O-O 7. e3 d5 8. Qe2 a5 9. a4 Nbd7 10. c4 Nc5 11. Ra3 Na6 12. Ra1 Nc5 13. Ra3 Ba6 14. d4 dxc4 15. bxc4 Nce4 16. Ra1 Bb4 17. Ne5 Qd6 18. f3 Ng5 19. h4 Nh5 20. Kh2 f6 21. hxg5 fxe5 22. dxe5 Qc5 23. Rc1 Rad8 24. f4 g6 25. Ba3 Ng7 26. Bxb4 Qxb4 27. Rc2 Rd7 28. Nd2 Rfd8 29. Ne4 Kh8 30. Bf3 Nf5 31. Kg2 Rd3 32. Nf6 Rd2 33. Rh1 Rxe2+ 34. Rxe2 h6 35. g4 Bxc4 36. gxf5 h5 37. fxg6 Bxe2 38. Rxh5+ Kg7 39. Rh7+ Kxg6 40. Bh5+ Bxh5 41. Rh6+ Kf5 42. Rxh5 Qd2+ 43. Kf3 Qd1+ 44. Kg3 Qg1+ 45. Kf3 Qf1+ 46. Kg3 Rf8 47. e4+ Kg6 48. Rh6+ Kf7 49. Rh7+ Kg6 50. Rh6+ Kf7 51. Rh7+ Kg6 52. Rh6+ 1/2-1/2


[Site "https://www.chess.com"]

[Event "Titled Tuesday Blitz April 05 Early 2022"]
[White "Matthes, Aaron"]
[Black "Mohammadian, Mohammad"]
[WhiteFideId "16227310"]
[BlackFideId "12566055"]
[WhiteElo "2335"]
[BlackElo "1544"]
[Result "1-0"]
[Round "06"]
[TimeControl "180+1"]
[Date "2022.04.05"]
[WhiteClock "0:01:08"]
[BlackClock "0:00:12"]

1. b3 Nf6 2. Bb2 g6 3. g4 h6 4. h4 Rg8 5. g5 hxg5 6. hxg5 Ne4 7. Nh3 e6 8. f4 f5 9. Bg2 d5 10. d3 Ng3 11. Rh2 Bd6 12. e3 Bd7 13. Nf2 Nc6 14. Qf3 Nh5 15. Rxh5 gxh5 16. Qxh5+ Kf8 17. Qh6+ Kf7 18. Bf3 Bf8 19. Bh5+ Ke7 20. Qh7+ Kd6 21. Qxg8 e5 22. Nc3 exf4 23. exf4 Qe7+ 24. Kd2 Re8 25. Nb5+ Kc5 26. Ba3+ Nb4 27. Bxe8 Bxe8 28. Re1 Qd7 29. Qxf8+ Kxb5 30. Qxe8 Qxe8 31. Rxe8 Nc6 32. Re6 a6 33. Rxc6 bxc6 34. g6 c5 35. g7 Kc6 36. g8=Q c4 37. Qxd5+ Kb6 38. dxc4 a5 39. Bc5+ Ka6 40. Qc6# 1-0


[Site "https://www.chess.com"]

[Event "Titled Tuesday Blitz April 05 Early 2022"]
[White "Maung, Maung Kyaw Zaw Hein"]
[Black "Sarkar, Justin"]
[WhiteFideId "13001698"]
[BlackFideId "2010011"]
[WhiteElo "1785"]
[BlackElo "2038"]
[Result "1-0"]
[Round "06"]
[TimeControl "180+1"]
[Date "2022.04.05"]
[WhiteClock "0:00:02"]
[BlackClock "0:00:01"]

1. Nf3 d5 2. d4 Nf6 3. c4 e6 4. Nc3 Be7 5. Bg5 O-O 6. e3 Nbd7 7. c5 Ne4 8. Bxe7 Qxe7 9. Nxe4 dxe4 10. Nd2 f5 11. b4 e5 12. d5 b6 13. Bc4 Kh8 14. c6 Nf6 15. Qb3 a5 16. b5 a4 17. Qc2 Qc5 18. d6 Qxd6 19. O-O Be6 20. Bxe6 Qxe6 21. Rfd1 Rfd8 22. Nc4 Nd5 23. a3 Kg8 24. Rd2 f4 25. Qxe4 Nc3 26. Rxd8+ Rxd8 27. Qxe5 Qxc4 28. exf4 Nxb5 29. h3 Qxc6 30. f5 Nd6 31. f6 Re8 32. Qg5 Qd7 33. Rd1 Qf7 34. fxg7 Qxg7 35. Qd5+ Kh8 36. Qc6 Rg8 37. g3 Qf7 38. Qxa4 Rf8 39. Qd4+ Qf6 40. Qd2 Qf3 41. a4 Rf7 42. Qb2+ Kg8 43. Re1 Kf8 44. a5 Rf6 45. a6 Qf5 46. a7 1-0


[Site "https://www.chess.com"]

[Event "Titled Tuesday Blitz April 05 Early 2022"]
[White "Melikhov, Evgeny V."]
[Black "Shohat, Yotam"]
[WhiteFideId "4122046"]
[BlackFideId "2813955"]
[WhiteElo "1931"]
[BlackElo "2119"]
[Result "0-1"]
[Round "06"]
[TimeControl "180+1"]
[Date "2022.04.05"]
[WhiteClock "0:00:52"]
[BlackClock "0:00:02"]

1. d4 Nf6 2. c4 e6 3. Nc3 Bb4 4. Qc2 c5 5. dxc5 Bxc5 6. Nf3 O-O 7. e3 Nc6 8. a3 d5 9. cxd5 exd5 10. b4 Bb6 11. Bb2 d4 12. Na4 dxe3 13. Nxb6 Qxb6 14. Qc5 Qxc5 15. bxc5 exf2+ 16. Kxf2 Ne4+ 17. Kg1 Nxc5 18. Rc1 Na4 19. Ba1 Bd7 20. Kf2 Rac8 21. Bd3 Na5 22. Ng5 h6 23. Ne4 Rxc1 24. Rxc1 Nb3 25. Rb1 Nxa1 26. Rxa1 Bc6 27. Rc1 Rd8 28. Ke3 Kf8 29. g4 Ke7 30. h4 Nb6 31. h5 Nd5+ 32. Kf2 Nf6 33. Nxf6 Rxd3 34. g5 gxf6 35. gxh6 Rh3 36. Rc5 Kf8 37. a4 Kg8 38. a5 a6 39. Rc3 Rxc3 0-1


[Site "https://www.chess.com"]

[Event "Titled Tuesday Blitz April 05 Early 2022"]
[White "Miszler, Levente"]
[Black "Ianov, Viktor"]
[WhiteFideId "763276"]
[BlackFideId "14102730"]
[WhiteElo "1966"]
[BlackElo "2161"]
[Result "0-1"]
[Round "06"]
[TimeControl "180+1"]
[Date "2022.04.05"]
[WhiteClock "0:00:51"]
[BlackClock "0:01:12"]

1. Nf3 d6 2. c4 g6 3. g3 Bg7 4. Bg2 c5 5. Nc3 Nc6 6. O-O Nf6 7. d3 O-O 8. a3 Qd7 9. Rb1 b6 10. b4 Bb7 11. b5 Nd4 12. Nxd4 Bxg2 13. Kxg2 cxd4 14. Nd5 Nxd5 15. cxd5 Qf5 16. Qb3 Rac8 17. Bd2 Rc5 18. Rfc1 Rfc8 19. e4 dxe3 20. Bxe3 Rc3 21. Qa4 Qxd5+ 22. Kg1 Rxc1+ 23. Rxc1 Rxc1+ 24. Bxc1 Qxd3 25. Be3 Bf6 26. Qxa7 Qxb5 27. Bxb6 Qb1+ 28. Kg2 Qe4+ 29. Kg1 d5 30. a4 d4 31. a5 Qe1+ 32. Kg2 d3 33. Be3 d2 34. Bxd2 Qxd2 35. a6 Bd4 36. Qxe7 Qxf2+ 37. Kh3 Qf1+ 38. Kg4 Qf5+ 0-1


[Site "https://www.chess.com"]

[Event "Titled Tuesday Blitz April 05 Early 2022"]
[White "Mkrtchyan, Mariam"]
[Black "Domingo Nunez, Alejandro"]
[WhiteFideId "13310828"]
[BlackFideId "22245561"]
[WhiteElo "1984"]
[BlackElo "2215"]
[Result "1-0"]
[Round "06"]
[TimeControl "180+1"]
[Date "2022.04.05"]
[WhiteClock "0:00:21"]
[BlackClock "0:00:04"]

1. d4 g6 2. e4 Bg7 3. Nf3 c6 4. Bd3 d5 5. e5 f6 6. O-O Bg4 7. exf6 Nxf6 8. Nbd2 O-O 9. h3 Bh5 10. Qe1 Nbd7 11. Qe6+ Kh8 12. g4 Nxg4 13. hxg4 Rf6 14. Qe3 Bxg4 15. Ne5 Nxe5 16. dxe5 Rf7 17. f4 e6 18. Nf3 Qe7 19. Ng5 Rff8 20. Qg3 Bf5 21. Be3 h6 22. Nf3 Kh7 23. Bxf5 exf5 24. Kf2 Rg8 25. Rh1 Bf8 26. Rag1 Rg7 27. c3 Kg8 28. Rh2 Kf7 29. Rhg2 Ke8 30. Qh3 Kd7 31. Rxg6 c5 32. Qxf5+ Kc7 33. Rxg7 Bxg7 34. Qh7 Bf8 35. Qxe7+ Bxe7 36. Rg7 d4 37. Rxe7+ Kd8 38. Rh7 dxe3+ 39. Kxe3 Rc8 40. Rh8+ 1-0


[Site "https://www.chess.com"]

[Event "Titled Tuesday Blitz April 05 Early 2022"]
[White "Mokshanov, Alexey"]
[Black "Devaev, Alexander"]
[WhiteFideId "24121657"]
[BlackFideId "4169395"]
[WhiteElo "2141"]
[BlackElo "2185"]
[Result "1-0"]
[Round "06"]
[TimeControl "180+1"]
[Date "2022.04.05"]
[WhiteClock "0:00:12"]
[BlackClock "0:00:01"]

1. e4 c6 2. d4 d5 3. e5 Bf5 4. h4 Qb6 5. g4 Bd7 6. Nc3 e6 7. Nf3 c5 8. Be3 Qxb2 9. Ne2 Qb6 10. Bh3 Nc6 11. O-O cxd4 12. Nexd4 Nxd4 13. Bxd4 Bc5 14. Rb1 Qc7 15. Bxc5 Qxc5 16. Rxb7 Ne7 17. Qd4 Qxc2 18. Rxa7 Rd8 19. Qe3 Nc6 20. Rc7 Qxa2 21. Qc5 Qa4 22. Rb1 Qe4 23. Rb3 d4 24. Bg2 Qd5 25. Qa3 Qa5 26. Qd6 Qd5 27. Ng5 Qxd6 28. exd6 Ne5 29. f4 Nxg4 30. Rbb7 Nf6 31. Rxd7 Nxd7 32. Bc6 d3 33. Ne4 d2 34. Nxd2 O-O 35. Bxd7 Rb8 36. Rxb8 Rxb8 37. Bc6 Kf8 38. d7 Ke7 39. Kf2 Rb4 40. Ke3 1-0


[Site "https://www.chess.com"]

[Event "Titled Tuesday Blitz April 05 Early 2022"]
[White "Molina, Roberto Junio Brito"]
[Black "Derraugh, Geordie"]
[WhiteFideId "2109450"]
[BlackFideId "2603950"]
[WhiteElo "2432"]
[BlackElo "2116"]
[Result "1-0"]
[Round "06"]
[TimeControl "180+1"]
[Date "2022.04.05"]
[WhiteClock "0:00:15"]
[BlackClock "0:00:19"]

1. d4 Nf6 2. c4 g6 3. Nc3 d5 4. Nf3 Bg7 5. Qb3 dxc4 6. Qxc4 Nc6 7. e4 Bg4 8. d5 Bxf3 9. dxc6 Bg4 10. cxb7 Rb8 11. f3 Be6 12. Qa4+ Nd7 13. Ba6 O-O 14. Be3 Nb6 15. Qb4 Qd6 16. Bc5 Qc6 17. Bxe7 Rfe8 18. Bb5 Qxb7 19. Bxe8 Rxe8 20. O-O a5 21. Qc5 Nc4 22. Bh4 Qxb2 23. Qb5 Qxb5 24. Nxb5 Bxa1 25. Rxa1 c6 26. Nc7 Rc8 27. Nxe6 fxe6 28. Rc1 Ne5 29. Bf6 Nd7 30. Bc3 a4 31. Rb1 Rb8 32. Rd1 Nf8 33. h4 Kf7 34. Kf2 Ke7 35. Ke3 Nd7 36. g4 c5 37. h5 Nb6 38. hxg6 hxg6 39. Rh1 Rg8 40. Rh7+ Kd6 41. Ra7 Kc6 42. Kf4 Rf8+ 43. Kg3 Nc4 44. Ra6+ Kb5 45. Rxe6 g5 46. Rg6 Ne3 47. Rxg5 Kc4 48. Be1 Nc2 49. Bf2 Rc8 50. e5 Nb4 51. a3 Nc2 52. e6 Nxa3 53. e7 Nb5 54. Rxc5+ Rxc5 55. e8=Q Rd5 56. Qe2+ Kb4 57. Be1+ Kc5 58. Bf2+ Kc6 59. f4 a3 60. Qc4+ Kd6 61. f5 Nc7 62. Qb4+ Ke5 63. Qxa3 Ne8 64. Qe3+ 1-0


[Site "https://www.chess.com"]

[Event "Titled Tuesday Blitz April 05 Early 2022"]
[White "Niyazgulova, Marina"]
[Black "Taboas Rodriguez, Daniel"]
[WhiteFideId "24142573"]
[BlackFideId "2208466"]
[WhiteElo "2046"]
[BlackElo "2429"]
[Result "0-1"]
[Round "06"]
[TimeControl "180+1"]
[Date "2022.04.05"]
[WhiteClock "0:00:20"]
[BlackClock "0:00:31"]

1. d4 Nf6 2. c4 g6 3. Nc3 Bg7 4. e4 d6 5. Be2 O-O 6. Nf3 e5 7. Be3 Ng4 8. Bg5 f6 9. Bh4 Nd7 10. dxe5 dxe5 11. Qd5+ Kh8 12. Rd1 c6 13. Qd6 Qe8 14. O-O Nh6 15. b4 Nf7 16. Qd3 a5 17. a3 axb4 18. axb4 b6 19. Ra1 Bb7 20. Nd2 Qe7 21. Bg4 Rfd8 22. Rxa8 Bxa8 23. Qb1 Nf8 24. Rd1 Ne6 25. Bxe6 Qxe6 26. Qc2 Bb7 27. Na4 Qe7 28. c5 b5 29. Nb6 Bh6 30. Nb3 Kg7 31. f3 Be3+ 32. Bf2 Bxf2+ 33. Kxf2 Ng5 34. Rxd8 Qxd8 35. Qd2 Qxd2+ 36. Nxd2 Ne6 37. Nb3 Kf7 38. Ke3 Ke7 39. Kd3 Kd8 40. Na5 Kc7 41. Nxb7 Kxb7 42. Nd7 Nf4+ 43. Kc3 Nxg2 44. Nxf6 Ne1 45. Nxh7 Nxf3 46. Nf8 g5 47. h3 Kc7 48. Ng6 Kd7 49. Kd3 Ke6 50. Ke3 Nd4 51. h4 gxh4 52. Nxh4 Nc2+ 53. Kd2 Nxb4 54. Nf5 Na6 55. Nd6 Nxc5 56. Nc8 Nxe4+ 57. Ke3 Nd6 58. Na7 Kd5 59. Kd3 Kc5 60. Kc3 Kb6 61. Kb4 Kxa7 62. Kc5 e4 63. Kxd6 e3 0-1


[Site "https://www.chess.com"]

[Event "Titled Tuesday Blitz April 05 Early 2022"]
[White "Noboa Silva, Kevin"]
[Black "Seo, Jung Min"]
[WhiteFideId "3618471"]
[BlackFideId "1734687"]
[WhiteElo "2172"]
[BlackElo "2401"]
[Result "1/2-1/2"]
[Round "06"]
[TimeControl "180+1"]
[Date "2022.04.05"]
[WhiteClock "0:00:05"]
[BlackClock "0:00:03"]

1. d4 Nf6 2. c4 e6 3. Nc3 Bb4 4. e3 O-O 5. Bd3 d5 6. a3 Bxc3+ 7. bxc3 dxc4 8. Bxc4 c5 9. Nf3 Qc7 10. Be2 b6 11. O-O Ba6 12. Re1 Bxe2 13. Qxe2 Nc6 14. e4 cxd4 15. cxd4 Rad8 16. Bb2 Qe7 17. Qb5 Qd7 18. Rad1 Na5 19. Qg5 h6 20. Qh4 Nc4 21. Ba1 Nxa3 22. d5 Nh7 23. Ne5 Qe8 24. d6 Nf6 25. d7 Nxd7 26. Nxd7 Rxd7 27. Qg3 f6 28. Qxa3 Qf7 29. Rxd7 Qxd7 30. Qb3 Rd8 31. g3 Kh8 32. h4 e5 33. Bc3 Qd3 34. Qb2 Rc8 35. Rc1 Qxe4 36. Bd2 Rd8 37. Rc2 Qe2 38. Qc1 Kh7 39. Kg2 Qe4+ 40. Kf1 Qh1+ 41. Ke2 Qe4+ 42. Be3 Rd7 43. Rd2 Re7 44. Qc2 Qxc2 45. Rxc2 Kg6 46. g4 h5 47. f3 e4 48. gxh5+ Kxh5 49. Rc6 Kxh4 50. f4 Kg4 51. Rc8 Kf5 52. Rg8 Rd7 53. Ra8 Rb7 54. Rc8 Rd7 55. Ra8 Ke6 56. Rg8 Kd5 57. Ra8 Kc6 58. Rc8+ Kb5 59. Re8 a5 60. Rxe4 a4 61. Bd4 a3 62. Kd3 Ra7 63. Ke3 a2 64. Ba1 Ra3+ 65. Kd2 Rb3 66. Re1 Rb1 67. Rc1 Kb4 68. Kc2 Rxc1+ 69. Kxc1 Kb3 70. f5 b5 71. Kd2 Kc4 72. Kc2 b4 73. Kb2 b3 74. Ka3 Kd5 75. Kxb3 Ke4 76. Kxa2 Kxf5 77. Kb3 g5 78. Kc2 g4 79. Kd2 Kg5 80. Ke2 f5 81. Kf2 f4 82. Bc3 Kf5 83. Kg2 Ke4 84. Bb4 Ke3 85. Bc5+ Ke2 86. Bd4 Kd3 87. Bc5 Ke2 88. Bd4 g3 89. Bc5 f3+ 90. Kxg3 f2 91. Bxf2 1/2-1/2


[Site "https://www.chess.com"]

[Event "Titled Tuesday Blitz April 05 Early 2022"]
[White "Odegov, Artem"]
[Black "Harshavardhan G B"]
[WhiteFideId "34183644"]
[BlackFideId "25059009"]
[WhiteElo "2286"]
[BlackElo "1831"]
[Result "0-1"]
[Round "06"]
[TimeControl "180+1"]
[Date "2022.04.05"]
[WhiteClock "0:00:02"]
[BlackClock "0:01:05"]

1. d4 Nf6 2. c4 e5 3. dxe5 Ng4 4. Bf4 Nc6 5. Nf3 Bb4+ 6. Nc3 Bxc3+ 7. bxc3 Qe7 8. Qd5 f6 9. exf6 Nxf6 10. Qd3 d6 11. g3 O-O 12. Bg2 Bg4 13. O-O Rae8 14. Rfe1 Kh8 15. Rab1 b6 16. e4 Nd7 17. Qc2 Bxf3 18. Bxf3 g5 19. e5 Ncxe5 20. Bxe5+ Nxe5 21. Bg2 Qf6 22. Re4 Nd7 23. Rbe1 Rxe4 24. Rxe4 Nc5 25. Re2 Kg7 26. Qd2 Rf7 27. Qd4 Na4 28. Re6 Qxd4 29. cxd4 Nc3 30. a3 Nd1 31. Bd5 Rf6 32. Re7+ Kf8 33. Rxc7 Nxf2 34. Rxh7 g4 35. Rxa7 Nh3+ 36. Kg2 Rf2+ 37. Kh1 Rf1+ 38. Kg2 Rg1# 0-1


[Site "https://www.chess.com"]

[Event "Titled Tuesday Blitz April 05 Early 2022"]
[White "Omariev, Maksim"]
[Black "Matveeva, Olga"]
[WhiteFideId "4193423"]
[BlackFideId "24107018"]
[WhiteElo "2494"]
[BlackElo "2083"]
[Result "1-0"]
[Round "06"]
[TimeControl "180+1"]
[Date "2022.04.05"]
[WhiteClock "0:00:19"]
[BlackClock "0:00:19"]

1. g4 d5 2. Bg2 Bxg4 3. c4 e6 4. Qb3 Ne7 5. cxd5 exd5 6. Qxb7 Nbc6 7. Qb5 Rb8 8. Qa4 Bd7 9. Nf3 g6 10. Qh4 Bg7 11. d4 Nf5 12. Qxd8+ Kxd8 13. e3 Re8 14. O-O Nb4 15. Nc3 Nd3 16. Nxd5 Bc6 17. Ng5 f6 18. Nh3 Nh4 19. Bh1 g5 20. b3 Kd7 21. Ba3 g4 22. Nhf4 Nxf4 23. Nxf4 Nf3+ 24. Bxf3 Bxf3 25. Rac1 Bf8 26. Bxf8 Rxf8 27. Rc5 f5 28. Rfc1 Rb7 29. Nd3 Be4 30. Ne5+ Kd8 31. Nc6+ Kd7 32. Na5 Rb6 33. Rxc7+ Ke6 34. Rxh7 Ra6 35. b4 Rb8 36. a3 Rd6 37. Rcc7 Ra6 38. Rh6+ 1-0


[Site "https://www.chess.com"]

[Event "Titled Tuesday Blitz April 05 Early 2022"]
[White "Onslow, Alfie"]
[Black "Pourkashiyan, Atousa"]
[WhiteFideId "436976"]
[BlackFideId "12502014"]
[WhiteElo "1884"]
[BlackElo "2247"]
[Result "1-0"]
[Round "06"]
[TimeControl "180+1"]
[Date "2022.04.05"]
[WhiteClock "0:00:48"]
[BlackClock "0:01:01"]

1. e4 c5 2. Nc3 e6 3. Nf3 a6 4. g3 b5 5. Bg2 Bb7 6. O-O b4 7. Na4 Bxe4 8. d4 Bc6 9. Nxc5 Bxc5 10. dxc5 Nf6 11. Qd6 Qe7 12. a3 Qxd6 13. cxd6 bxa3 14. Rxa3 O-O 15. c4 Ne4 16. Rd1 Nc5 17. b4 Nb7 18. b5 Be4 19. Be3 a5 20. c5 a4 21. Ne5 Bxg2 22. Kxg2 Rc8 23. c6 dxc6 24. d7 Nxd7 25. bxc6 Nxe5 26. cxb7 Nc4 27. bxc8=Q+ Rxc8 28. Rxa4 h5 29. h3 Rb8 30. Rc1 Nb2 31. Rb1 e5 32. Ra2 1-0


[Site "https://www.chess.com"]

[Event "Titled Tuesday Blitz April 05 Early 2022"]
[White "Perera Alfonso, Rene Humberto"]
[Black "Mikhnenko, Alexander"]
[WhiteFideId "3514722"]
[BlackFideId "34143014"]
[WhiteElo "2313"]
[BlackElo "2117"]
[Result "1-0"]
[Round "06"]
[TimeControl "180+1"]
[Date "2022.04.05"]
[WhiteClock "0:00:12"]
[BlackClock "0:00:42"]

1. e4 c5 2. Nf3 e6 3. d4 cxd4 4. Nxd4 Qb6 5. Nb3 Nc6 6. Nc3 Nf6 7. Bd2 Qc7 8. Qe2 a6 9. O-O-O b5 10. g4 h6 11. h4 Ne5 12. Bg2 Nc4 13. g5 Ng8 14. g6 Nf6 15. gxf7+ Kxf7 16. e5 Bb7 17. Bxb7 Qxb7 18. exf6 gxf6 19. Qh5+ Ke7 20. Rhe1 a5 21. Bf4 a4 22. Nd4 b4 23. Nf5+ Kd8 24. Ne4 exf5 25. Nxf6 Be7 26. Rxd7+ Qxd7 27. Nxd7 Kxd7 28. Qxf5+ Ke8 29. Qb5+ 1-0


[Site "https://www.chess.com"]

[Event "Titled Tuesday Blitz April 05 Early 2022"]
[White "Piliczewski, Bogusz"]
[Black "Fernandez Siles, Luis"]
[WhiteFideId "1104144"]
[BlackFideId "2209420"]
[WhiteElo "1896"]
[BlackElo "2212"]
[Result "0-1"]
[Round "06"]
[TimeControl "180+1"]
[Date "2022.04.05"]
[WhiteClock "0:00:41"]
[BlackClock "0:00:37"]

1. d4 Nf6 2. Nf3 g6 3. Bf4 Bg7 4. e3 O-O 5. Be2 d6 6. h3 c5 7. c3 Nc6 8. O-O Qb6 9. Qb3 Be6 10. Qxb6 axb6 11. a3 Ne4 12. Nbd2 Bf5 13. Nxe4 Bxe4 14. Nd2 Bf5 15. d5 Nd8 16. e4 Bd7 17. Nc4 Ra6 18. Nxd6 exd6 19. Bxa6 bxa6 20. Bxd6 Re8 21. f3 Nb7 22. Bc7 b5 23. Rac1 c4 24. Rfd1 Nc5 25. Rc2 f5 26. Re2 Nd3 27. Kf1 Kf7 28. Rdd2 Bh6 29. Rd1 Bf4 30. Bxf4 Nxf4 31. Re3 Kf6 32. h4 fxe4 33. fxe4 Ke5 34. g3 Nd3 35. Re2 Bg4 36. Rxd3 cxd3 37. Rd2 Kxe4 38. Kf2 Rf8+ 39. Ke1 Be2 40. d6 Rf1# 0-1


[Site "https://www.chess.com"]

[Event "Titled Tuesday Blitz April 05 Early 2022"]
[White "Pires, Marcos Vinicius Torsani"]
[Black "Samarth, J Rao"]
[WhiteFideId "2118939"]
[BlackFideId "46652370"]
[WhiteElo "2273"]
[BlackElo "1514"]
[Result "1-0"]
[Round "06"]
[TimeControl "180+1"]
[Date "2022.04.05"]
[WhiteClock "0:01:35"]
[BlackClock "0:01:05"]

1. e4 c5 2. c3 Nf6 3. e5 Nd5 4. d4 cxd4 5. Nf3 Nc6 6. cxd4 d6 7. Bc4 Nb6 8. Bb5 dxe5 9. Nxe5 Bd7 10. Nxd7 Qxd7 11. O-O e6 12. Nc3 Be7 13. Qg4 O-O 14. Rd1 f5 15. Qe2 Bf6 16. Bxc6 Qxc6 17. Bf4 Rfd8 18. Be5 Bxe5 19. Qxe5 Nc4 20. Qe2 b5 21. Rac1 a6 22. a4 b4 23. Na2 Rac8 24. b3 1-0


[Site "https://www.chess.com"]

[Event "Titled Tuesday Blitz April 05 Early 2022"]
[White "Pischal, Yulia"]
[Black "Demin, Vladimir"]
[WhiteFideId "14102390"]
[BlackFideId "4167457"]
[WhiteElo "1931"]
[BlackElo "2447"]
[Result "1-0"]
[Round "06"]
[TimeControl "180+1"]
[Date "2022.04.05"]
[WhiteClock "0:00:09"]
[BlackClock "0:00:01"]

1. e4 c5 2. d3 Nc6 3. Nd2 g6 4. g3 Bg7 5. Bg2 d6 6. f4 Nf6 7. Ngf3 O-O 8. O-O e5 9. c3 h6 10. Rf2 Be6 11. Nf1 Nd7 12. Nh4 g5 13. fxg5 hxg5 14. Nf5 Bxf5 15. Rxf5 f6 16. Ne3 Ne7 17. Rf1 Qe8 18. Bh3 Rd8 19. Bd2 Qg6 20. Be6+ Kh8 21. Qg4 Nb6 22. Qh3+ Qh6 23. Qg4 Nbc8 24. Kg2 Ng6 25. Nf5 Qh7 26. Bxc8 Rxc8 27. Nxd6 Rc7 28. Nf5 Rd7 29. Rf3 Rfd8 30. Re1 Rxd3 31. Rxd3 Rxd3 32. Re2 Kg8 33. Ne3 Ne7 34. Qe6+ Kf8 35. Nc4 Qg8 36. Qxg8+ Kxg8 37. Be3 b6 38. Rd2 Rxd2+ 39. Bxd2 Nc8 40. Kf3 Kf7 41. Ne3 Ne7 42. h4 Bh6 43. Ng4 Kg6 44. Nxh6 Kxh6 45. hxg5+ fxg5 46. Kg4 Kg6 47. Bxg5 Nc8 48. Bd8 Nd6 49. Kf3 Nc4 50. b3 Nd2+ 51. Ke3 Nf1+ 52. Kf2 Nd2 53. Ke3 Nf1+ 54. Kd3 Nxg3 55. Bc7 Kf6 56. Bb8 a6 57. Ba7 b5 58. Bxc5 Ke6 59. a4 Nh5 60. axb5 axb5 61. c4 Nf4+ 62. Kc3 bxc4 63. Kxc4 Kd7 64. Kb5 Nd3 65. b4 Kc7 66. Be3 Ne1 67. Kc5 Nc2 68. Bf2 Na3 69. Bg3 Kb7 70. Bxe5 Nc2 71. Bd6 Ne3 72. e5 Nf5 73. e6 Kc8 74. Kd5 Ne3+ 75. Kc6 Kd8 76. b5 Nc4 77. b6 Na5+ 78. Kd5 Nb7 79. Ke5 Ke8 80. Bc7 Na5 81. Kd5 Ke7 82. Ke5 Nc6+ 83. Kd5 Na5 84. Bd6+ Ke8 85. Kc5 Kd8 86. e7+ Kd7 87. Kd5 Nb7 88. Bb4 Ke8 89. Ke6 Na5 90. Kf6 Nb7 91. Ke6 Na5 92. b7 Nxb7 93. Kf6 1-0


[Site "https://www.chess.com"]